 Dungeon Crawl Stone Soup version 0.31.0-11-ge490571c62 (webtiles) character file.

Game seed: 908227699734086689

179 Lolow the Grave Robber (level 5, -2/35 HPs)
             Began as a Human Necromancer on Feb 6, 2024.
             Was a Believer of Uskayaw.
             Slain by a river rat (6 damage)
             ... in a sewer on Feb 7, 2024.
             The game lasted 00:23:23 (3174 turns).

Lolow the Grave Robber (Human Necromancer)          Turns: 3174, Time: 00:23:24

Health: -2/35      AC:  2    Str:  9    XL:     5   Next: 59%
Magic:  7/9        EV: 12    Int: 17    God:    Uskayaw [**....]
Gold:   95         SH:  0    Dex: 13    Spells: 5/9 levels left

rFire   . . .        g - +2 dagger (elec)
rCold   . . .        (no shield)
rNeg    . . .        a - +0 robe
rPois   .            (no helmet)
rElec   .            (no cloak)
rCorr   +            (no gloves)
SInv    .            (no boots)
Will    .....        (no amulet)
Stlth   +            l - ring of resist corrosion
HPRegen 0.25/turn    (no ring)
MPRegen 0.11/turn

%: no passive effects
@: very slow
A: explore regen
a: Renounce Religion, Stomp, Line Pass


You were in a sewer.
You worshipped Uskayaw.
Uskayaw was noncommittal.
You visited 1 branch of the dungeon, and saw 3 of its levels.
You also visited: Sewer.

You collected 225 gold pieces.
You spent 130 gold pieces at shops.

Inventory:

Hand Weapons
 g - a +2 dagger of electrocution (weapon)
Missiles
 m - 40 stones
 p - 3 poisoned darts
Armour
 a - a +0 robe (worn)
Jewellery
 l - a ring of resist corrosion (left hand)
 o - an amulet of regeneration
Talismans
 c - a flux talisman
 j - a beast talisman
Scrolls
 k - a scroll of identify
 n - a scroll of poison
Potions
 b - a potion of magic
 d - 4 potions of curing
 e - a potion of berserk rage


   Skills:
 + Level 1.7 Short Blades
 + Level 3.0 Dodging
 + Level 3.3 Stealth
 + Level 2.8 Spellcasting
 + Level 4.6 Necromancy


You had 5 spell levels left.
You knew the following spells:

 Your Spells              Type           Power      Damage    Failure   Level
a - Necrotise             Necr           72%        1d7       2%          1
b - Vampiric Draining     Necr           18%        2d7       8%          3

Your spell library contained the following spells:

 Spells                   Type           Power      Damage    Failure   Level
 Animate Dead             Necr           18%        N/A       26%         4
 Curse of Agony           Necr           18%        N/A       58%         5


Dungeon Overview and Level Annotations

Branches:
Dungeon (3/15)              Sewer (1/1)

Altars:
Uskayaw

Shops:
D:1 [*![!


Innate Abilities, Weirdness & Mutations

You regain HP and MP as you explore.


Message History

The rat bites you but does no damage. The rat bites you.
* * * LOW HITPOINT WARNING * * *
You feel much better.
A river rat comes into view.
The river rat bites you.
The rat barely misses your river rat skeleton.
The rat misses you. The rat barely misses you.
Your river rat skeleton barely misses the rat.
The rat barely misses you.
As you read the scroll labelled NUICAE IPPUSA, it crumbles to dust.
It is a scroll of amnesia.
Your memory of Animate Dead unravels.
The river rat bites you. The rat bites your river rat skeleton.
The rat splashes around in the water.
The rat bites you.
Your river rat skeleton bites the rat.
The rat dies!
As you read the scroll labelled WIEMOX OJECAD, it dissolves into smoke.
It was a scroll of fog.
The river rat closely misses you. The rat bites you. x3
You hit the rat. Lightning courses through the rat!
You kill the rat!
The river rat bites you!
* * * LOW HITPOINT WARNING * * *
The rat closely misses you. The rat bites you.
* * * LOW HITPOINT WARNING * * *
The rat closely misses you.
You enter the shallow water.
Moving in this stuff is going to be slow.
The river rat closely misses you. The rat misses you.
The river rat squeaks loudly.
You see here a rat corpse.
Your unstable footing causes you to fumble your attack.
The river rat bites you but does no damage.
The river rat barely misses you. The rat closely misses you. The rat bites you.
* * * LOW HITPOINT WARNING * * *
You closely miss the river rat. The river rat closely misses you.
The river rat barely misses you. The rat bites you but does no damage.
Your unstable footing causes you to fumble your attack.
The rat bites you but does no damage.
Your river rat skeleton bites the rat!
The rat dies!
The river rat closely misses you. The river rat bites you.
You die...

####
#...##
.~.~.
~.†~##
#~~~#
#§§##
#Z§r#
##§r#
#r@#
#r§#
#§§#
#~.#
~r~#
#~~##
~.~#
.r~##
r.~~


You could see 2 river rats, 2 rats and a friendly river rat skeleton.

Vanquished Creatures
  5 river rats
  5 adders
  A dart slug (D:2)
  2 ribbon worms (D:3)
  An orc (D:3)
  4 ball pythons
  6 endoplasms
  A giant cockroach (D:2)
  9 goblins
  5 hobgoblins
  4 jackals (D:1)
  3 kobolds
  5 quokkas
  7 bats
  3 frilled lizards
  7 rats
68 creatures vanquished.

Vanquished Creatures (collateral kills)
  An adder (D:3)
  4 rats
5 creatures vanquished.

Grand Total: 73 creatures vanquished

Notes
Turn   | Place    | Note
-------+----------+-------------------------------------------
     0 | D:1      | Lolow the Human Necromancer began the quest for the Orb.
     0 | D:1      | Reached XP level 1. HP: 13/13 MP: 3/3
     6 | D:1      | Noticed a crocodile
     6 | D:1      | Noticed a black mamba
     6 | D:1      | Noticed a polar bear
     7 | D:1      | Noticed a scorpion
     7 | D:1      | Noticed a four-headed hydra
   166 | D:1      | Reached XP level 2. HP: 19/19 MP: 0/5
   223 | D:1      | Found Zih Mufu's Assorted Antiques.
   288 | D:1      | Found a faded altar of an unknown god.
   417 | D:1      | Found Erifuij's Distillery.
   425 | D:1      | Bought a potion of curing for 30 gold pieces
   425 | D:1      | Bought a potion of heal wounds for 50 gold pieces
   466 | D:1      | Found Iguury's Armour Emporium.
   605 | D:1      | Reached XP level 3. HP: 24/24 MP: 2/6
   613 | D:1      | Learned a level 3 spell: Vampiric Draining
   764 | D:1      | Found Omevyrhe's Antique Armour Boutique.
   802 | D:1      | Found Vuorig's Distillery.
   812 | D:1      | Bought a potion of heal wounds for 50 gold pieces
  1933 | D:2      | Reached skill level 1 in Short Blades
  1933 | D:2      | Reached XP level 4. HP: 30/30 MP: 3/7
  2608 | D:3      | Found a hide-covered altar of Uskayaw.
  2619 | D:3      | Became a worshipper of Uskayaw the Reveller
  2702 | D:3      | Reached * piety under Uskayaw
  2719 | D:3      | Reached ** piety under Uskayaw
  2727 | D:3      | Reached XP level 5. HP: 23/35 MP: 1/9
  3073 | D:3      | Learned a level 4 spell: Animate Dead
  3140 | D:3      | Found a glowing drain.
  3151 | Sewer    | Entered a sewer
  3174 | Sewer    | Slain by a river rat

Illustrated notes

Levels and vault maps discovered:
D:1:      onia_arrival_zoo_common, layout_basic, serial_shops,
          nicolae_shop_waterfront, shop_coins, nicolae_shop_dealshenge,
          nicolae_shop_tiny_glass, nicolae_shop_stone,
          hellmonk_ecumenical_altar_leap_of_faith
D:2:      layout_basic, minmay_misc_feat_chi
D:3:      minmay_roachtagon, layout_loops_corners, grunt_gozag_breadcrumbs,
          lemuel_doored_altar, nicolae_uskayaw_murder_on_the_dancefloor,
          lightli_sewer_entry_pipes, eino_tiny_chamber,
          corexii_hall_statues_deadend, uniq_natasha
Sewer:    sewer_hellmonk_bad_rat

Skill      XL: |  1  2  3  4  5 |
---------------+----------------+-----
Short Blades   | 1 |  1.7
Stealth        | 3 |  3.3
Dodging        | 3 |  3.0
Spellcasting   | |  2.8
Necromancy     | |  4.6

Action                     |  1- 3 |  4- 6 || total
---------------------------+-------+-------++-------
  Melee: Dagger            |    30 |    58 ||    88
         Punch             |     2 |     1 ||     3
         Unarmed           |     1 |       ||     1
   Cast: Necrotise         |    37 |    50 ||    87
         Vampiric Draining |     3 |     3 ||     6
         Animate Dead      |       |     1 ||     1
    Use: Scroll            |     1 |     3 ||     4
         Potion            |       |     3 ||     3
   Stab: Sleeping          |     4 |     1 ||     5
 Armour: Robe              |    15 |    53 ||    68
  Dodge: Dodged            |    20 |    39 ||    59
